 Dungeon Crawl Stone Soup version 0.29.1-2-gbd0b4ee654 (webtiles) character file.

Game seed: 8221828078670108757

151 qeuew the Covered (level 5, -5/33 HPs)
             Began as a Tengu Fighter on Nov 7, 2022.
             Slain by a kobold brigand
             ... wielding a +2 whip of distortion
              (18 damage)
             ... in a sewer.
             The game lasted 00:03:26 (1970 turns).

qeuew the Covered (Tengu Fighter)                   Turns: 1970, Time: 00:03:29

Health: -5/33      AC:  7    Str: 19    XL:     5   Next: 33%
Magic:  16/16      EV: 11    Int:  8    God:
Gold:   107        SH:  5    Dex: 13    Spells: 4/5 levels left

rFire   . . .      SeeInvis .   a - +0 war axe
rCold   . . .      Faith    .   c - +0 buckler
rNeg    . . .      Spirit   .   b - +0 scale mail
rPois   .          Reflect  .   (helmet restricted)
rElec   .          Harm     .   (no cloak)
rCorr   .          Rampage  .   (no gloves)
Will    .....                   (boots unavailable)
Stlth   ..........              (no amulet)
HPRegen 0.11/turn               e - ring of magical power
MPRegen 0.15/turn               (no ring)

@: lethally poisoned (-5 -> -9), flying quickly and evasively, slowed, very slow
A: beak, talons 3, nimble flight
a: no special abilities


You were in a sewer.
You visited 1 branch of the dungeon, and saw 3 of its levels.
You also visited: Sewer.

You collected 107 gold pieces.

Inventory:

Hand Weapons
 a - a +0 war axe (weapon)
Armour
 b - a +0 scale mail (worn)
 c - a +0 buckler (worn)
Jewellery
 e - a ring of magical power (left hand)
Scrolls
 f - 2 scrolls of identify
 h - a scroll of blinking
 i - 2 scrolls of enchant weapon
Potions
 d - 4 potions of might
 j - a potion of invisibility
 k - a potion of curing


   Skills:
 * Level 3.8 Fighting
 * Level 3.1 Axes
 * Level 4.1 Armour
 + Level 1.3 Dodging
 * Level 3.7 Shields
 + Level 0.7 Spellcasting
 + Level 0.5 Conjurations


You had 4 spell levels left.
You knew the following spells:

 Your Spells              Type           Power      Damage    Failure   Level
a - Magic Dart            Conj           4%         1d3       77%         1

Your spell library contained the following spells:

 Spells                   Type           Power      Damage    Failure   Level
 Shock                    Conj/Air       0%         1d3       80%         1
 Searing Ray              Conj           2%         2d4       88%         2
 Conjure Flame            Conj/Fire      0%         6-21      99%         3
 Ignite Poison            Fire/Tmut/Pois 0%         N/A       99%         3
 Swiftness                Air            0%         N/A       99%         3
 Airstrike                Air            0%         2d(0-16)  100%        4
 Fulminant Prism          Conj/Hex       0%         3d6       100%        4
 Sticky Flame             Conj/Fire      0%         2d3       100%        4


Dungeon Overview and Level Annotations

Branches:
Dungeon (3/15)              Sewer (1/1)

Altars:


Innate Abilities, Weirdness & Mutations

You have a beak for a mouth.
You have claws for feet.
Your magical nature lets you fly swiftly and evasively.


Message History

You claw the river rat, but do no damage.
Your peck misses the river rat.
The river rat is lightly wounded.
You block the river rat's attack. The river rat closely misses you.
The rat bites you.
You slash the river rat!
You kill the river rat!
You hit the rat.
You kill the rat!
No target in view!
No target in view!
No target in view!
No target in view!
No target in view!
No target in view!
No target in view!
No target in view!
No target in view!
HP restored.
You reach down and open the door.
A kobold brigand and a kobold come into view.
The kobold brigand is wielding a +2 whip of distortion and quivering curare-tipped darts.
The kobold brigand shouts!
The kobold shouts!
The kobold brigand throws a curare-tipped dart.
The curare-tipped dart hits you.
You are poisoned.
You have difficulty breathing.
You feel yourself slow down.
Found a scroll of noise and 2 clear potions.
You feel very sick.
There is an open door here.
You hit the kobold but do no damage. Your peck misses the kobold.
You feel very sick. The kobold hits you but does no damage.
You block the kobold's attack.
You slash the kobold!
You kill the kobold!
You feel very sick.
The kobold brigand hits you with a +2 whip of distortion.
Space warps horribly around you!!
Ouch! That really hurt!
You die...

≈≈≈ ≈≈≈ ###
### #!.#.?#
..... ##...##
#.....#
#..K..# ≈
###@####≈#≈
#...~≈≈≈≈≈≈
##...~~≈≈≈≈≈
#.....≈≈≈≈≈≈
#....~~≈≈≈≈≈
##...~~≈≈≈≈≈
#...~~≈≈≈≈≈
##...~≈≈≈≈≈≈
##....~~≈≈≈≈≈


You could see a kobold brigand.

Vanquished Creatures
  Natasha (thrice) (D:2)
  An adder (D:2)
  A gnoll (D:1)
  A river rat (Sewer)
  2 worms (D:2)
  A dart slug (D:2)
  3 ball pythons
  6 bats
  4 endoplasms
  A giant cockroach (D:2)
  4 goblins
  3 hobgoblins
  4 kobolds
  A quokka (D:1)
  3 frilled lizards
  11 rats
49 creatures vanquished.

Notes
Turn   | Place    | Note
-------+----------+-------------------------------------------
     0 | D:1      | qeuew the Tengu Fighter began the quest for the Orb.
     0 | D:1      | Reached XP level 1. HP: 14/14 MP: 2/2
    33 | D:1      | Reached XP level 2. HP: 14/19 MP: 3/3
   251 | D:1      | Found a faded altar of an unknown god.
   286 | D:1      | Found Xoblulaw's Book Shoppe.
   308 | D:1      | Reached XP level 3. HP: 22/23 MP: 4/4
   533 | D:1      | You fall into a shaft and drop 1 floor!
  1168 | D:2      | Reached skill level 1 in Dodging
  1175 | D:2      | Reached XP level 4. HP: 28/28 MP: 5/5
  1263 | D:2      | Noticed Natasha
  1271 | D:2      | Killed Natasha
  1519 | D:2      | Learned a level 1 spell: Magic Dart
  1621 | D:2      | Noticed Natasha
  1627 | D:2      | Killed Natasha
  1628 | D:2      | Reached skill level 4 in Armour
  1628 | D:2      | Gained mutation: Your magical nature lets you fly swiftly
                  | and evasively. [Tengu growth]
  1628 | D:2      | Reached XP level 5. HP: 24/33 MP: 6/6
  1697 | D:2      | Noticed Natasha
  1702 | D:2      | Killed Natasha
  1900 | D:3      | Found a glowing drain.
  1910 | Sewer    | Entered a sewer
  1967 | Sewer    | Noticed a kobold brigand
  1970 | Sewer    | Slain by a kobold brigand

Illustrated notes

Levels and vault maps discovered:
D:1:      tarquinn_simple_flora_water_a, layout_basic, serial_shops, shop,
          hellmonk_ecumenical_altar_pennies_from_heaven, minmay_3d_cube
D:2:      minmay_wonky_spiral, layout_basic, uniq_natasha
D:3:      layout_basic, mainiacjoe_overflow_concentric_impassable,
          serial_forest, infiniplex_forest_clump_long,
          infiniplex_forest_lined_room_2, infiniplex_forest_lined_room_2,
          infiniplex_forest_end_3, infiniplex_forest_clump_tiny, serial_shops,
          nicolae_shop_behind_doors, cheibrodos_sewer_entry_sluice,
          guppyfry_early_lair_pool
Sewer:    sewer_minmay_treatment

Skill      XL: |  1  2  3  4 |
---------------+-------------+-----
Dodging        | 1 |  1.3
Axes           | 3 |  3.1
Armour         | 4 |  4.1
Fighting       | |  3.8
Shields        | |  3.7
Spellcasting   | |  0.7
Conjurations   | |  0.5

Action                   |  1- 3 |  4- 6 || total
-------------------------+-------+-------++-------
Melee: War axe           |    66 |    26 ||    92
       Peck              |     5 |     2 ||     7
       Kick              |    16 |     7 ||    23
  Use: Scroll            |     5 |     4 ||     9
Armor: Scale mail        |    33 |     8 ||    41
Dodge: Dodged            |    24 |    10 ||    34
Block: Buckler           |     9 |     8 ||    17
